 Dungeon Crawl Stone Soup version 0.27-a0-1200-g94dc6ad4cf (webtiles) character file.

Game seed: 334632227180770495

0 spiderkeys the Ducker (level 1, -6/11 HPs)
             Began as a Spriggan Abyssal Knight on June 1, 2021.
             Was a Follower of Lugonu.
             Killed from afar by a raiju (17 damage)
             ... with a living lightning
             ... on level 1 of the Abyss.
             The game lasted 00:00:14 (188 turns).

spiderkeys the Ducker (Spriggan Abyssal Knight)      Turns: 188, Time: 00:00:15

Health: -6/11      AC:  2    Str:  8    XL:     1   Next: 0%
Magic:  3/3        EV: 17    Int: 13    God:    Lugonu [*.....]
Gold:   4          SH:  0    Dex: 14    Spells: 0/0 levels left

rFire    . . .     SeeInvis +   a - +1 short sword
rCold    . . .     Faith    .   (shield restricted)
rNeg     . . .     Spirit   .   b - +0 robe
rPois    .         Reflect  .   (helmet restricted)
rElec    .         Harm     .   (no cloak)
rCorr    .         Rampage  .   (gloves unavailable)
Will     .....                  (boots unavailable)
Stlth    +.........             (no amulet)
HPRegen  0.03/turn              (no ring)
MPRegen  0.08/turn              (no ring)

@: very quick
A: very small, no large weapons, unfitting armour, see invisible, speed 3
a: Renounce Religion, Depart the Abyss


You were on level 1 of the Abyss.
You worshipped Lugonu.
Lugonu was aware of your devotion.
You visited 0 branches of the dungeon, and saw 0 of its levels.
You visited the Abyss 1 time.

You collected 4 gold pieces.


Innate Abilities, Weirdness & Mutations

You are very small and have problems with some larger weapons.
You are too small for most types of armour.
You have supernaturally acute eyesight. (SInv)
You cover ground extremely quickly. (Speed+++)


   Skills:
 + Level 2.4 Fighting
 + Level 2.1 Short Blades
 + Level 3.2 Dodging
 + Level 1.7 Invocations


You couldn't memorise any spells.
You didn't know any spells.
Your spell library was empty.

Inventory:

Hand Weapons
 a - a +1 short sword (weapon)
Armour
 b - a +0 robe (worn)
Potions
 c - a potion of heal wounds {unknown}

Dungeon Overview and Level Annotations

Branches:
Dungeon (0/15)

Altars:

..#.# . .#...#
###..#.# ### #.#
..###..# #.##.#. .##
. #..._.....## #.
#..#...##..###..
#.####.######.§..#..#
#...@x....#..x. ..#
#......#...#...# #.
###
#...#.#.#..###..##
... ###h...##.#.#.#.
... . ......##.
#..#.## ##..### .# .
#. #. #.## #.#. . .##
.# .. .# # .# . #


You could see a raiju and a small abomination.


Message History

🤖 Initializing magus.rc ...
Options error: Delay interrupt name "hungry" not recognised. (~/.crawlrc:4988) ✅ Successfully initialized magus.rc [v1.9.10] Welcome, spiderkeys the Spriggan Abyssal Knight.
It is said that the Orb of Zot exists deep within this dungeon.
Lugonu says: Depart the Abyss and spread corruption, my servant! (use the ability menu to exit the Abyss) Press ? for a list of commands and other information.
Found a corrupted altar of Lugonu.
Found a gateway leading out of the Abyss.
You now have 4 gold pieces.
c - a sapphire potion Unknown command.
Found a corrupted altar of Lugonu.
Unknown command.
Unknown command.
An iron imp comes into view.
A tentacled starspawn comes into view.
There are monsters nearby!
The iron imp shouts, "Slither home, thou baffled fool-headed bugbear!"
Found a snail-covered altar of Cheibriados.
Tentacles burst from the starspawn's body! 2 starspawn tentacles come into view.
You hit the tentacled starspawn.
A bone dragon comes into view.
Unknown command.
A raiju comes into view.
The raiju barks!
The raiju bursts into living lightning!
The living lightning hits you!
Ouch! That really hurt!
You die...

Action                   || total
-------------------------++-------
Melee: Short sword       ||     1

Levels and vault maps discovered:
Abyss:1:  base: Temple, base:
Temple

Notes
Turn   | Place    | Note
-------+----------+-------------------------------------------
     0 | Abyss:1  | spiderkeys the Spriggan Abyssal Knight began the quest for
                  | the Orb.
     0 | Abyss:1  | Reached XP level 1. HP: 11/11 MP: 3/3
     0 | Abyss:1  | magus.rc [v1.9.10]
    51 | Abyss:1  | Found a corrupted altar of Lugonu.
   134 | Abyss:1  | Found a corrupted altar of Lugonu.
   152 | Abyss:1  | Noticed an iron imp
   152 | Abyss:1  | Noticed a tentacled starspawn
   177 | Abyss:1  | Found a snail-covered altar of Cheibriados.
   177 | Abyss:1  | Noticed a tentacled starspawn
   177 | Abyss:1  | Noticed a small abomination
   183 | Abyss:1  | Noticed a bone dragon
   185 | Abyss:1  | Noticed a raiju
   188 | Abyss:1  | Killed from afar by a raiju

Vanquished Creatures (others)
  2 starspawn tentacles (Abyss:1)
2 creatures vanquished.

Table legend:
 A = Non-vault XP
 B = Vault XP
 C = Vault XP percentage of total XP
 D = Non-vault monster count
 E = Vault monster count
 F = Vault count percentage of total count
                 A         B        C        D         E       F
            +---------+---------+-------+---------+---------+-------
      Total |       0 |       0 |   N/A |       0 |       0 |  -nan
            +---------+---------+-------+---------+---------+-------
            +---------+---------+-------+---------+---------+-------

Illustrated notes

Table legend: (Time is in decaauts)
 A = Elapsed time spent in this place.
 B = Non-inter-level travel time spent in this place.
 C = Inter-level travel time spent in this place.
 D = Time resting spent in this place.
 E = Time spent auto-exploring this place.
 F = Levels seen in this place.
 G = Mean time per level.
                   A        B        C        D        E       F      G
               +--------+--------+--------+--------+--------+-----+--------+
         Total |    114 |    114 |      0 |      0 |     91 |   1 |  114.0 |
         Abyss |    114 |    114 |      0 |      0 |     91 |   1 |  114.0 |
               +--------+--------+--------+--------+--------+-----+--------+

Top non-repeatable levels by time:
 Abyss:1: 114 daAuts
